 Dungeon Crawl Stone Soup version 0.13-a0-2716-gc56f784 (webtiles) character file.

1793 JacquesDerrida the Conjurer (level 8, -2/41 HPs)
             Began as a Tengu Air Elementalist on Aug 17, 2013.
             Killed from afar by a kobold (5 damage)
             ... on Level 7 of the Dungeon.
             The game lasted 00:20:52 (6976 turns).

JacquesDerrida the Conjurer (TeAE)                  Turns: 6976, Time: 00:20:52

HP  -2/41        AC  3     Str 10      XL: 8   Next: 83%
MP   5/18        EV 21     Int 16      God:
Gold 278         SH  0     Dex 20      Spells:  5 memorised,  0 levels left

Res.Fire  : . . .   See Invis. : .   m - staff of energy
Res.Cold  : + . .   Warding    : .   a - +0 robe
Life Prot.: . . .   Conserve   : .   (no shield)
Res.Poison: .       Res.Corr.  : .   (helmet restricted)
Res.Elec. : .       Clarity    : .   u - +0 cloak
Sust.Abil.: . .     Spirit.Shd : .   (no gloves)
Res.Mut.  : .       Stasis     : .   (boots unavailable)
Res.Rott. : .       Flight     : +   (no amulet)
Saprovore : . . .                    D - ring of wizardry
                                     y - ring of protection from cold

@: confused, agile, flying, very quick, slightly resistant to hostile
enchantments, fairly stealthy
A: able to fly, beak, talons 3
a: no special abilities


You were on level 7 of the Dungeon.
You were not hungry.

You visited 1 branch of the dungeon, and saw 7 of its levels.

You collected 258 gold pieces.

Inventory:

Hand weapons
 A - a +3,+0 dagger of venom
Missiles
 n - 14 exploding darts (quivered)
Armour
 a - a +0 robe (worn)
 u - a +0 cloak (worn)
Magical devices
 z - a wand of confusion (6)
Comestibles
 c - 7 bread rations
 j - 2 meat rations
Scrolls
 d - 3 scrolls of noise {unknown}
 e - 3 scrolls of random uselessness {unknown}
 f - a scroll of blinking {unknown}
 g - a scroll of fog {unknown}
 h - 2 scrolls of enchant weapon I {unknown}
 i - 2 scrolls of curse weapon {unknown}
 k - 5 scrolls of identify {unknown}
 l - 2 scrolls of fear {unknown}
 o - a scroll of curse jewellery {unknown}
 p - 6 scrolls of remove curse {unknown}
 q - a scroll of curse armour {unknown}
 r - a scroll of amnesia {unknown}
 s - a scroll of magic mapping {unknown}
 t - 4 scrolls of teleportation {unknown}
 E - a scroll of silence {unknown}
Jewellery
 y - a ring of protection from cold (left hand)
 D - a ring of wizardry (right hand)
Potions
 v - a potion of confusion
 w - a potion of might {unknown}
 B - a potion of restore abilities {unknown}
Books
 b - a book of Air

   Spells                             Type                      Level
   *Shock                             Conjuration/Air              1
   *Swiftness                         Charms/Air                   2
   *Repel Missiles                    Charms/Air                   2
   Flight                             Charms/Air                   3
   *Static Discharge                  Conjuration/Air              3
   *Lightning Bolt                    Conjuration/Air              5
Magical staves
 m - an uncursed staff of energy (weapon)


   Skills:
 - Level 2.1 Dodging
 - Level 2.0 Stealth
 - Level 3.3 Spellcasting
 + Level 9.8 Conjurations
 + Level 9.6 Air Magic


You couldn't memorise any spells.
You knew the following spells:

 Your Spells              Type           Power        Failure   Level  Hunger
a - Shock                 Conj/Air       ####         1%          1    None
b - Repel Missiles        Chrm/Air       ###.......   1%          2    None
c - Swiftness             Chrm/Air       ###.......   1%          2    None
d - Static Discharge      Conj/Air       ####....     1%          3    None
e - Lightning Bolt        Conj/Air       ####......   4%          5    None


Dungeon Overview and Level Annotations

Branches:
Dungeon (7/27)
 Temple: D:4-7          Orc: D:6-11

Altars:
Cheibriados
Elyvilon
Makhleb
Xom

Annotations
D:2 Sigmund
D:4 tesudzi's ghost, average DESk


Innate Abilities, Weirdness & Mutations

You can fly.
You have a beak for a mouth.
You have claws for feet.


Message History

The explosion of spores engulfs the yak.
The kobold throws an exploding dart.
The exploding dart hits you!
* * * LOW HITPOINT WARNING * * *
The exploding dart explodes!
The explosion of exploding dart fragments engulfs you!
* * * LOW HITPOINT WARNING * * *
The explosion of exploding dart fragments engulfs the ballistomycete.
The explosion of exploding dart fragments engulfs the yak.
The yak closely misses you.
A jelly and a kobold come into view.
Unknown command.
Drink which item? (? for menu, Esc to quit)
Okay, then.
You're too confused!
Drink which item? (? for menu, Esc to quit)
You feel more agile all of a sudden.
The kobold throws an exploding dart.
The exploding dart misses you.
The exploding dart explodes!
The explosion of exploding dart fragments engulfs you!
You die...

#..........####
#..........(..#
#....(.....$..#
#.............########
#.....................
#...$......####.......
#....Y.....####...)...
#####fY...)...<...####
#####.#@########%##...##
K.............%J.........
#####......Y...#.####...
#..?..##....... ###
*(.f.##.##......... ###..
..##.........#
........#.........#
.......b#.........#
.......##########


You could see 3 yaks, an active ballistomycete, a jelly, a bat and a kobold.

Vanquished Creatures
  A yak (D:7)
  An ice beast (D:5)
  An orc warrior (D:6)
  A phantom (D:5)
  A centaur (D:6)
  A water moccasin (D:6)
  A giant frog (D:6)
  Blork the orc (D:7)
  A crimson imp (D:6)
  3 jellies
  3 orc priests (D:5)
  2 orc wizards (D:5)
  4 worker ants
  A big kobold zombie (D:6)
  Ijyb (D:4)
  Terence (D:2)
  A hound skeleton (D:6)
  6 adders
  2 gnolls (D:2)
  An inept feature mimic (D:5)
  A worm (D:4)
  A giant mite (D:7)
  A scorpion zombie (D:6)
  A giant eyeball (D:5)
  3 giant geckos
  17 orcs
  9 bats
  A bat zombie (D:1)
  4 giant cockroaches
  11 goblins
  15 hobgoblins
  8 jackals
  10 kobolds
  3 oozes
  2 quokkas
  A ball python (D:1)
  A giant cockroach zombie (D:5)
  3 giant newts
  A giant spore (D:6)
  2 jackal zombies
  A kobold skeleton (D:5)
  An orc zombie (D:5)
  16 rats
  A ballistomycete (D:6)
148 creatures vanquished.

Vanquished Creatures (others)
  A giant spore (D:7)
1 creature vanquished.

Grand Total: 149 creatures vanquished

Notes
Turn   | Place    | Note
--------------------------------------------------------------
     0 | D:1      | JacquesDerrida, the Tengu Air Elementalist, began the quest for the Orb.
     0 | D:1      | Reached XP level 1. HP: 10/10 MP: 3/3
   229 | D:1      | Reached XP level 2. HP: 9/15 MP: 1/5
   893 | D:1      | Reached XP level 3. HP: 19/19 MP: 7/7
  2089 | D:2      | Learned a level 2 spell: Repel Missiles
  2092 | D:2      | Learned a level 2 spell: Swiftness
  2215 | D:2      | Reached XP level 4. HP: 21/24 MP: 5/9
  2344 | D:2      | Found a snail-covered altar of Cheibriados.
  2345 | D:2      | Found a shimmering altar of Xom.
  2472 | D:2      | Noticed Terence
  2532 | D:2      | Killed Terence
  2990 | D:2      | Noticed Sigmund
  3111 | D:2      | Reached XP level 5. HP: 28/28 MP: 10/12
  4068 | D:4      | Noticed Ijyb
  4078 | D:4      | Killed Ijyb
  4078 | D:4      | Reached skill level 5 in Conjurations
  4144 | D:4      | Noticed tesudzi's ghost (average DESk)
  4394 | D:3      | Learned a level 3 spell: Static Discharge
  4530 | D:5      | Entered Level 5 of the Dungeon
  4709 | D:5      | Found a staircase to the Ecumenical Temple.
  4709 | D:5      | Noticed an ice beast
  4715 | D:5      | Killed an ice beast
  4715 | D:5      | Reached skill level 5 in Air Magic
  4715 | D:5      | Reached XP level 6. HP: 32/32 MP: 7/14
  4899 | D:5      | Reached skill level 6 in Conjurations
  4919 | D:5      | Paralysed by a giant eyeball for 2 turns
  4932 | D:5      | the staircase to the Ecumenical Temple was a mimic.
  5170 | D:5      | Reached XP level 7. HP: 15/36 MP: 8/16
  5309 | D:5      | Found a burning altar of Makhleb.
  5443 | D:5      | Reached skill level 7 in Conjurations
  5497 | D:5      | Noticed a phantom
  5508 | D:5      | Killed a phantom
  5818 | D:6      | Reached skill level 8 in Conjurations
  5936 | D:6      | Reached XP level 8. HP: 29/41 MP: 11/18
  6059 | D:6      | Noticed a troll
  6189 | D:6      | Learned a level 5 spell: Lightning Bolt
  6371 | D:6      | Reached skill level 9 in Conjurations
  6708 | D:6      | Found a white marble altar of Elyvilon.
  6884 | D:7      | Noticed Blork the orc
  6926 | D:7      | Killed Blork the orc
  6976 | D:7      | Killed from afar by a kobold

Action                   |  1- 3 |  4- 6 |  7- 9 || total
-------------------------+-------+-------+-------++-------
Melee: Unarmed           |    57 |       |       ||    57
       Staff             |     2 |    13 |    14 ||    29
 Cast: Shock             |    67 |   164 |   117 ||   348
       Swiftness         |       |     6 |    10 ||    16
       Repel Missiles    |       |     2 |     2 ||     4
       Static Discharge  |       |     2 |     1 ||     3
       Lightning Bolt    |       |       |     2 ||     2
 Abil: Fly               |       |       |     4 ||     4
Evoke: Miscellaneous     |       |     1 |     9 ||    10
       Wand              |       |     1 |       ||     1
  Use: Potion            |       |     4 |     1 ||     5
